 Dungeon Crawl Stone Soup version 0.28.0-1-gb440e238dd (webtiles) character file.

Game seed: 2753315431967806315

49 Morbidden the Skirmisher (level 3, -3/29 HPs)
             Began as a Demonspawn Fighter on Feb 21, 2022.
             Slain by Natasha (6 damage)
             ... on level 2 of the Dungeon.
             The game lasted 00:00:44 (989 turns).

Morbidden the Skirmisher (Demonspawn Fighter)        Turns: 989, Time: 00:00:44

Health: -3/29      AC:  6    Str: 18    XL:     3   Next: 53%
Magic:  3/3        EV:  9    Int:  9    God:
Gold:   54         SH:  4    Dex: 12    Spells: 2/2 levels left

rFire   . . .      SeeInvis .   a - +0 war axe
rCold   . . .      Faith    .   c - +0 buckler
rNeg    . . .      Spirit   .   b - +0 scale mail
rPois   .          Reflect  .   (no helmet)
rElec   .          Harm     .   (no cloak)
rCorr   .          Rampage  .   (no gloves)
Will    .....                   (no boots)
Stlth   ..........              (no amulet)
HPRegen 0.09/turn               (no ring)
MPRegen 0.08/turn               (no ring)

@: slowed, very slow
A: powered by pain 1
a: no special abilities


You were on level 2 of the Dungeon.
You visited 1 branch of the dungeon, and saw 2 of its levels.

You collected 54 gold pieces.

Inventory:

Hand Weapons
 a - a +0 war axe (weapon)
Missiles
 g - 2 poisoned darts (quivered)
Armour
 b - a +0 scale mail (worn)
 c - a +0 buckler (worn)
Scrolls
 e - a scroll of identify {unknown}
 i - a scroll of teleportation {unknown}
Potions
 d - a potion of might
 h - a potion of magic {unknown}
 j - a potion of degeneration {unknown}


   Skills:
 * Level 3.4 Fighting
 * Level 2.6 Axes
 + Level 2.9 Armour
 + Level 0.1 Dodging
 + Level 3.0 Shields


You had 2 spell levels left.
You didn't know any spells.
Your spell library was empty.

Dungeon Overview and Level Annotations

Branches:
Dungeon (2/15)

Altars:

Annotations:
D:2 Natasha


Innate Abilities, Weirdness & Mutations

You sometimes gain a little power by taking damage.


Message History

Natasha closely misses you.
The crimson imp blinks!
You block Natasha's attack. The white imp hits you.
* * * LOW HITPOINT WARNING * * *
The white imp freezes you.
* * * LOW HITPOINT WARNING * * *
Unknown command.
It was a potion of curing.
You feel better.
Natasha mumbles some strange words.
Unknown command.
You closely miss Natasha.
Natasha is severely wounded.
You closely miss the white imp. You closely miss the crimson imp.
Natasha casts a spell at you.
You feel as though you will be slow longer.
The white imp barely misses you. Natasha barely misses you.
The crimson imp hits you but does no damage.
Natasha barely misses you.
You barely miss Natasha.
Natasha is severely wounded.
You hit the crimson imp. x2; The crimson imp closely misses you. x2
Natasha claws you. The crimson imp barely misses you.
The crimson imp closely misses you. Natasha claws you.
Unknown command.
You completely miss Natasha.
Natasha is severely wounded.
You hit the crimson imp. You miss the crimson imp.
The crimson imp disappears in a puff of smoke!
The crimson imp misses you. Natasha closely misses you.
The white imp shouts, "Remove thy stench, thou unctious fool-born clotpole!"
The crimson imp hits you.
* * * LOW HITPOINT WARNING * * *
Natasha claws you.
* * * LOW HITPOINT WARNING * * *
You closely miss Natasha.
Natasha is severely wounded.
You closely miss the crimson imp.
The white imp disappears in a puff of smoke!
The crimson imp hits you but does no damage.
Natasha claws you.
You die...

..#.# #...# # #.#.#
#####...#
####.##.#.######.......##
...>...................'.
####.###.#.######.###...##
##........#.# #.#..#+##
........#.#.# #.#..#.###
#[........h######.#..#...#
####.....@5§..............
###†##########.#..##...
.... #.#<.##### #.....
#.##.# #...... #.##.#
.......# #.##.# ...#+####
#.##.# #... #.##.# #.##.#


You could see Natasha and a crimson imp (summoned).

Vanquished Creatures
  Natasha (D:2)
  A dart slug (D:1)
  2 ball pythons (D:1)
  4 endoplasms
  A goblin (D:1)
  2 kobolds (D:1)
  2 quokkas (D:1)
  4 bats (D:1)
  4 frilled lizards
21 creatures vanquished.

Notes
Turn   | Place    | Note
-------+----------+-------------------------------------------
     0 | D:1      | Morbidden the Demonspawn Fighter began the quest for the
                  | Orb.
     0 | D:1      | Reached XP level 1. HP: 18/18 MP: 1/1
   407 | D:1      | Noticed a shining eye
   409 | D:1      | Found a faded altar of an unknown god.
   411 | D:1      | Noticed a floating eye
   411 | D:1      | Noticed a floating eye
   411 | D:1      | Noticed an eye of devastation
   477 | D:1      | Gained mutation: You sometimes gain a little power by
                  | taking damage. [demonic ancestry]
   477 | D:1      | Reached XP level 2. HP: 24/24 MP: 2/2
   962 | D:2      | Noticed Natasha
   972 | D:2      | Killed Natasha
   973 | D:2      | Reached XP level 3. HP: 23/29 MP: 3/3
   975 | D:2      | Noticed Natasha
   984 | D:2      | HP: 1/29 [white imp[Natasha] (5)]
   989 | D:2      | Slain by Natasha

Illustrated notes

Levels and vault maps discovered:
D:1:      dpeg_arrival_orchard, layout_loops_cross,
          hellmonk_ecumenical_altar_watching_god, chequers_serial_rivers_micro_c
D:2:      cheibrodos_fertilizer, layout_basic, kennysheep_generic_room_16,
          uniq_natasha, uniq_jessica, uniq_terence

Skill      XL: |  1  2 |
---------------+-------+-----
Axes           | 2 |  2.6
Shields        | 3 |  3.0
Fighting       | |  3.4
Armour         | |  2.9
Dodging        | |  0.1

Action                   || total
-------------------------++-------
Melee: War axe           ||    67
  Use: Potion            ||     1
Armor: Scale mail        ||    38
Dodge: Dodged            ||    34
Block: Buckler           ||    19
